 Dungeon Crawl Stone Soup version 0.22.1-2-g9c5b331 (webtiles) character file.

4 MalarOregon the Chiller (level 1, -1/13 HPs)
             Began as a Merfolk Ice Elementalist on Nov 24, 2018.
             Slain by a jackal (2 damage)
             ... on level 1 of the Dungeon.
             The game lasted 00:00:35 (70 turns).

MalarOregon the Chiller (Merfolk Ice Elementalist)    Turns: 70, Time: 00:00:36

Health: -1/13      AC:  2    Str:  8    XL:     1   Next: 60%
Magic:  0/3        EV: 13    Int: 14    God:
Gold:   0          SH:  0    Dex: 14    Spells: 3/4 levels left

rFire    . . .     SeeInvis .   (no weapon)
rCold    . . .     Gourm    .   (no shield)
rNeg     . . .     Faith    .   a - +0 robe
rPois    .         Spirit   .   (no helmet)
rElec    .         Reflect  .   (no cloak)
rCorr    .         Harm     .   (no gloves)
MR       .....                  (no boots)
Stlth    ++........             (no amulet)
HPRegen  0.04/turn              (no ring)
MPRegen  0.08/turn              (no ring)

@: very slightly contaminated
A: change form in water, swift swim, stealthy swim
a: no special abilities


You were on level 1 of the Dungeon.
You were not hungry.

You visited 1 branch of the dungeon, and saw 1 of its levels.

Inventory:

Armour
 a - a +0 robe (worn)
Comestibles
 e - 2 rations {!d}


   Skills:
 + Level 0.2 Fighting
 + Level 2.8 Dodging
 + Level 2.3 Stealth
 + Level 2.0 Spellcasting
   Level 0.7 Conjurations
 + Level 3.3 Ice Magic


You had 3 spell levels left.
You knew the following spells:

 Your Spells              Type           Power        Failure   Level  Hunger
a - Freeze                Ice            ##..         6%          1    ##.....

Your spell library contained the following spells:

 Spells                   Type           Power        Failure   Level  Hunger
 Throw Frost              Conj/Ice       #.....       16%         2    ###....
 Ozocubu's Armour         Chrm/Ice       #.......     34%         3    ####...
 Throw Icicle             Conj/Ice       #.......     71%         4    #####..
 Summon Ice Beast         Ice/Summ       #.......     75%         4    #####..


Dungeon Overview and Level Annotations

Branches:
Dungeon (1/15)

Altars:


Message History

Found 18 stones.
A jackal comes into view.
Aim: a goblin You freeze the goblin.
You kill the goblin!
A jackal comes into view.
Aim: a jackal You freeze the jackal.
The jackal closely misses you.
Aim: a jackal (moderately wounded)
You freeze the jackal.
You kill the jackal!
You completely miss the jackal. The jackal bites you. The jackal misses you.
You barely miss the jackal. The jackal barely misses you.
You closely miss the jackal. The jackal bites you. x2
You completely miss the jackal. The jackal closely misses you.
You barely miss the jackal.
The jackal bites you but does no damage.
Aim: a jackal You freeze the jackal.
The jackal closely misses you. The jackal bites you.
* * * LOW HITPOINT WARNING * * *
You barely miss the jackal. The jackal bites you.
* * * LOW HITPOINT WARNING * * *
You closely miss the jackal. The jackal barely misses you. x2
You hit the jackal but do no damage. The jackal closely misses you.
You closely miss the jackal. The jackal misses you.
You hit the jackal.
You kill the jackal!
The jackal bites you.
* * * LOW HITPOINT WARNING * * *
There is an open door here.
You see here a scale mail.
The jackal bites you.
* * * LOW HITPOINT WARNING * * *
Aim: a jackal You freeze the jackal.
The jackal closely misses you. The jackal misses you.
You miss the jackal.
The jackal bites you but does no damage.
The jackal bites you.
* * * LOW HITPOINT WARNING * * *
The jackal closely misses you. The jackal closely misses you.
You see here a scale mail.
Unknown command.
There is an open door here.
Aim: a jackal You miscast Freeze.
You are very lightly contaminated with residual magic.
Nothing appears to happen.
The jackal bites you.
You die...

..............+
......###..####
..... ##.# ....
#.# (.. #.# ..
#†# . #.# #.#
#@# #h####
#######[#8.#
#..........#
#8..8..8...#
+.........<#
#8..8..8...#
#..........#
#######.#8.#


You could see a jackal.

Vanquished Creatures
  A goblin (D:1)
  2 jackals (D:1)
3 creatures vanquished.

Notes
Turn   | Place    | Note
-------+----------+-------------------------------------------
     0 | D:1      | MalarOregon the Merfolk Ice Elementalist began the quest
                  | for the Orb.
     0 | D:1      | Reached XP level 1. HP: 13/13 MP: 3/3
    70 | D:1      | Slain by a jackal

Action                   || total
-------------------------++-------
Melee: Unarmed           ||    11
 Cast: Freeze            ||     5
Armor: Robe              ||     2
Dodge: Dodged            ||    13
